 Dungeon Crawl Stone Soup version 0.31-a0-1540-g5a0b83f448 (webtiles) character file.

Game seed: 4535987003465086586

3845 Persephone the Grappler (level 10, -6/54 (56) HPs)
             Began as a Vine Stalker Berserker on Jan 1, 2024.
             Was an Elder of Trog.
             Mangled by a wight
             ... wielding a +3 battleaxe
              (9 damage)
             ... on level 7 of the Dungeon.
             The game lasted 00:11:57 (5034 turns).

Persephone the Grappler (Vine Stalker Berserker)    Turns: 5034, Time: 00:11:57

HP:   -6/54 (56)    AC:  8    Str: 23    XL:     10   Next: 18%
MP:   0/11          EV: 14    Int:  7    God:    Trog [****..]
Gold: 519           SH:  5    Dex: 15    Spells: 9/9 levels left

rFire   . .          .
                       - Unarmed
rCold   . . .        (no shield)
rNeg    . . .        d - +0 scale mail
rPois   .            (no helmet)
rElec   .            b - +1 cloak of Starlight {*Dazzle EV+4 Stlth--}
rCorr   .            (no gloves)
SInv    .            (no boots)
Will    +++..        o - amulet of reflection Stlth
                     (no ring)
HPRegen 2.09/turn    (no ring)
MPRegen 0.12/turn

%: reflection, guardian spirit
@: about to teleport, marked, strong-willed (expiring), on berserk cooldown,
regenerating (expiring), slowed, lightly drained, very slow
A: fangs 3, regeneration 1, magic shield, antimagic bite, no potion heal 2
a: Renounce Religion, Berserk, Trog's Hand, Brothers in Arms


You were on level 7 of the Dungeon.
You worshipped Trog.
Trog was greatly pleased with you.
You visited 1 branch of the dungeon, and saw 7 of its levels.

You collected 519 gold pieces.

Inventory:

Armour
 b - the +1 cloak of Starlight (worn) {*Dazzle EV+4 Stlth--}
   (You acquired it on level 3 of the Dungeon)

   *Dazzle:   It may blind those who miss an attack against the wearer in melee
   combat.
   EV+4:      It affects your evasion (+4).
   Stlth--:   It makes you much less stealthy.
 d - a +0 scale mail (worn)
 y - a +2 cloak of preservation
Jewellery
 o - an amulet of reflection (around neck)
 z - a ring of fire
Wands
 r - a wand of roots (11)
 t - a wand of mindburst (4)
 u - a wand of flame (18)
Scrolls
 c - 3 scrolls of amnesia
 f - 4 scrolls of vulnerability
 g - 2 scrolls of fear
 h - 3 scrolls of teleportation
 i - 2 scrolls of poison
 k - 2 scrolls of immolation {unknown}
 l - 2 scrolls of noise {unknown}
 m - 2 scrolls of enchant weapon {unknown}
 p - a scroll of revelation {unknown}
Potions
 a - 2 potions of might {unknown}
 e - 2 potions of ambrosia
 j - a potion of curing {unknown}
 n - a potion of mutation
 q - a potion of berserk rage {unknown}
 s - 3 potions of haste {unknown}
 v - a potion of enlightenment {unknown}
 w - a potion of degeneration {unknown}
 x - a potion of magic {unknown}


   Skills:
 + Level 8.2 Fighting
 - Level 1.5 Armour
 - Level 1.5 Dodging
 * Level 12.0 Unarmed Combat


You had 9 spell levels left.
You didn't know any spells.
Your spell library was empty.

Dungeon Overview and Level Annotations

Branches:
Dungeon (7/15)             Temple (0/1) D:4

Altars:
Ru

Shops:
D:6 (

Annotations:
D:5 1 runed translucent door, freelancePsychic's ghost, amateur DjSh
D:7 Prince Ribbit


Innate Abilities, Weirdness & Mutations

You have razor-sharp teeth.
Your natural rate of healing is unusually fast.
When hurt, damage is shared between your health and your magic reserves.
Your bite disrupts and absorbs the magic of your enemies.
Potions cannot restore your health.


Message History

The wight hits you with a +4 scimitar!
* * * LOW HITPOINT WARNING * * *
The wight closely misses you.
A red film seems to cover your vision as you go berserk!
You feel yourself moving faster!
You feel mighty! The wight hits you with a +4 scimitar!
* * * LOW HITPOINT WARNING * * *
The wight hits you with a +3 battleaxe.
* * * LOW HITPOINT WARNING * * *
You feel a strong urge to attack something.
Things that are here:
a +4 dagger of freezing; a +0 robe You feel your anger nearly subside.
You are no longer berserk.
You are exhausted.
You feel yourself slow down.
Prince Ribbit blinks!
Prince Ribbit hits you.
* * * LOW HITPOINT WARNING * * *
You block Prince Ribbit's attack.
As you read the scroll of fear, it crumbles to dust.
You assume a fearsome visage.
Prince Ribbit looks frightened!
The bullfrog looks frightened!
The wight is unaffected. x3
The ogre looks frightened!
Prince Ribbit blinks! x2
You block the wight's attack.
As you read the scroll of fear, it crumbles to dust.
You assume a fearsome visage.
The wight is unaffected. x3
Prince Ribbit blinks!
The wight hits you with a +4 scimitar.
* * * LOW HITPOINT WARNING * * *
You feel drained. You block the wight's attack.
As you read the scroll of teleportation, it crumbles to dust.
You feel strangely unstable.
You feel the effects of Trog's Hand fading.
The wight hits you with a +4 scimitar!
* * * LOW HITPOINT WARNING * * *
The wight hits you with a +3 battleaxe.
* * * LOW HITPOINT WARNING * * *
The wight barely misses you.
An orc priest comes into view. It is wielding a +0 club.
The wight hits you with a +3 battleaxe!
You die...

#................##..
##.###.#####.#######.#
##.<###.#####.# #F#
#.............#######.#
#..###........).....#)# #..#
#..####..#...).#.##.#
##..###..####.).....ยง)....#
.............#...z...#.#..#
##..###.####.##>@zz..#.#..#
....# #.####. #.##.###.# .#
###.##..............o..# .#
.........# #.##......... #
##)..##.## # ####.#.###
........# #.#.# .#...####
#.#.# .##.## #.# # .##.#


You could see 3 wights and an orc priest.

Vanquished Creatures
  A two-headed ogre (D:7)
  Pikel (D:7)
  Maurice (D:7)
  Menkaure (D:7)
  A water moccasin (D:7)
  An orc warrior (D:7)
  A black bear (D:5)
  3 sky beasts
  3 ogres
  A centaur (D:7)
  4 phantoms (D:5)
  2 kobold brigands
  Blork the orc (D:6)
  A scorpion (D:5)
  5 wights
  3 bullfrog zombies (D:5)
  A jelly (D:5)
  2 bombardier beetles (D:5)
  2 hounds
  Crazy Yiuf (D:6)
  2 sleepcaps
  An iguana (D:5)
  A scorpion zombie (D:5)
  A hound skeleton (D:5)
  Robin (D:2)
  A gnoll (D:1)
  A howler monkey skeleton (D:5)
  4 adders
  2 shadow imps
  2 ufetubi (D:6)
  2 dart slugs
  5 ribbon worms
  19 orcs
  7 endoplasms
  4 giant cockroaches
  9 hobgoblins
  6 jackals (D:2)
  5 quokkas
  10 ball pythons
  2 bats
  5 frilled lizards
  16 goblins
  8 kobolds
  6 rats
156 creatures vanquished.

Notes
Turn   | Place    | Note
-------+----------+-------------------------------------------
     0 | D:1      | Persephone the Vine Stalker Berserker began the quest for
                  | the Orb.
     0 | D:1      | Reached XP level 1. HP: 11/11 MP: 2/2
   211 | D:1      | Reached XP level 2. HP: 14/16 MP: 3/3
   460 | D:1      | Reached XP level 3. HP: 20/20 MP: 2/4
   955 | D:1      | Reached skill level 4 in Unarmed Combat
  1136 | D:2      | Noticed Robin
  1148 | D:2      | Reached ** piety under Trog
  1153 | D:2      | Reached XP level 4. HP: 23/23 MP: 3/5
  1153 | D:2      | Killed Robin
  1759 | D:2      | Reached XP level 5. HP: 28/28 MP: 6/6
  2533 | D:3      | Reached *** piety under Trog
  2540 | D:3      | Reached skill level 5 in Unarmed Combat
  2744 | D:3      | Identified a scroll of acquirement
  2744 | D:3      | Acquired the +1 cloak of Starlight {*Dazzle EV+4 Stlth--}
  2744 | D:3      | Found the +1 cloak of Starlight {*Dazzle EV+4 Stlth--}
  2943 | D:4      | Found a staircase to the Ecumenical Temple.
  3050 | D:4      | Found a sacrificial altar of Ru.
  3055 | D:4      | Noticed an ogre
  3065 | D:4      | Killed an ogre
  3066 | D:4      | Reached XP level 6. HP: 33/33 MP: 5/7
  3146 | D:4      | Reached skill level 6 in Unarmed Combat
  3269 | D:5      | Entered Level 5 of the Dungeon
  3269 | D:5      | Found a runed translucent door.
  3291 | D:5      | Reached XP level 7. HP: 38/38 MP: 8/8
  3303 | D:5      | Reached skill level 5 in Fighting
  3303 | D:5      | Reached skill level 7 in Unarmed Combat
  3391 | D:5      | Gained mutation: You have razor-sharp teeth. [Vine Stalker
                  | growth]
  3391 | D:5      | Reached XP level 8. HP: 32/43 MP: 5/9
  3400 | D:5      | Reached **** piety under Trog
  3477 | D:5      | Reached skill level 8 in Unarmed Combat
  3712 | D:5      | Noticed freelancePsychic's ghost (amateur DjSh)
  3878 | D:6      | Noticed Blork the orc
  3887 | D:6      | Killed Blork the orc
  3926 | D:6      | Reached skill level 9 in Unarmed Combat
  4046 | D:6      | Found a runed translucent door.
  4048 | D:6      | Noticed Crazy Yiuf
  4160 | D:6      | Found Bebem's Antique Weapon Shop.
  4483 | D:6      | Killed Crazy Yiuf
  4601 | D:7      | Reached XP level 9. HP: 49/49 MP: 10/10
  4611 | D:7      | Noticed Menkaure
  4618 | D:7      | Killed Menkaure
  4650 | D:7      | Noticed a two-headed ogre
  4658 | D:7      | Killed a two-headed ogre
  4659 | D:7      | Reached skill level 10 in Unarmed Combat
  4668 | D:7      | Noticed Maurice
  4763 | D:7      | Something stole a ring of fire
  4765 | D:7      | Something stole 387 gold
  4771 | D:7      | Something stole 92 gold
  4775 | D:7      | Killed Maurice
  4776 | D:7      | Reached skill level 11 in Unarmed Combat
  4853 | D:7      | Noticed Pikel
  4862 | D:7      | Killed Pikel
  4863 | D:7      | Reached XP level 10. HP: 51/56 MP: 9/11
  5013 | D:7      | Reached skill level 12 in Unarmed Combat
  5024 | D:7      | Noticed Prince Ribbit
  5034 | D:7      | Mangled by a wight

Illustrated notes

Levels and vault maps discovered:
D:1:      matt_arrival_refuge, layout_loops_corners, minmay_misc_feat_tower
D:2:      layout_loops_ring, minivault_14, chequers_serial_rivers_small_3,
          uniq_robin
D:3:      layout_loops_ring, kennysheep_generic_room_2
D:4:      layout_rooms, mainiacjoe_overflow_small_starburst,
          minmay_temple_entry_offerings
D:5:      layout_cave_pools, serial_undead, serial_undead_c, serial_undead_a,
          serial_undead_d, serial_undead_e, ebering_ghost_sewer_d
D:6:      layout_basic, serial_shops, nicolae_shop_statue_plus,
          nicolae_houndstooth_variations, uniq_blork_the_orc,
          uniq_crazy_yiuf_cottage
D:7:      layout_loops_ring, serial_shops, shop, gup_ossuary_entry_pyramid,
          uniq_menkaure, uniq_maurice, uniq_pikel, uniq_prince_ribbit1

Skill      XL: |  1  2  3  4  5  6  7  8  9 10 |
---------------+-------------------------------+-----
Fighting       | 3 4 5 6 7 8 |  8.2
Unarmed Combat | 4 5 6 7 9 11 12 | 12.0
Armour         | |  1.5
Dodging        | |  1.5

Action                     |  1- 3 |  4- 6 |  7- 9 | 10-12 || total
---------------------------+-------+-------+-------+-------++-------
  Melee: Unarmed           |    89 |   170 |   164 |    35 ||   458
         Bite              |    15 |    39 |    41 |     9 ||   104
         Punch             |     2 |     7 |     9 |     4 ||    22
 Invoke: Berserk           |     1 |     2 |     3 |     1 ||     7
         Trog's Hand       |       |       |       |     1 ||     1
    Use: Scroll            |       |     8 |     1 |     3 ||    12
   Stab: Invisible         |       |     2 |     2 |       ||     4
 Armour: Animal skin       |    27 |       |       |       ||    27
         Scale mail        |    24 |    73 |   101 |    31 ||   229
  Dodge: Dodged            |    46 |    81 |   112 |    12 ||   251
  Block: Other             |       |    20 |    41 |     8 ||    69

Table legend: (Time is in decaauts)
 A = Elapsed time spent in this place.
 B = Non-inter-level travel time spent in this place.
 C = Inter-level travel time spent in this place.
 D = Time resting spent in this place.
 E = Time spent auto-exploring this place.
 F = Levels seen in this place.
 G = Mean time per level.
                   A        B        C        D        E       F      G
               +--------+--------+--------+--------+--------+-----+--------+
         Total |   5022 |   4733 |    289 |      0 |   3768 |   7 |  717.4 |
       Dungeon |   5022 |   4733 |    289 |      0 |   3768 |   7 |  717.4 |
               +--------+--------+--------+--------+--------+-----+--------+

Top non-repeatable levels by time:
     D:1: 1073 daAuts
     D:2: 957 daAuts
     D:6: 831 daAuts
     D:3: 756 daAuts
     D:4: 515 daAuts
     D:5: 505 daAuts
     D:7: 383 daAuts
